 Dungeon Crawl Stone Soup version 0.28-a0-563-gf77a47075d (webtiles) character file.

Game seed: 3604846605863296798

61 BR41ND34D the Caller (level 4, -1/32 HPs)
             Began as a Gnoll Summoner on Sept 29, 2021.
             Killed by nerve-wracking pain
             ... invoked by Grinder
              (13 damage)
             ... while paralysed by Grinder
             ... on level 3 of the Dungeon.
             The game lasted 00:12:54 (1921 turns).

BR41ND34D the Caller (Gnoll Summoner)               Turns: 1921, Time: 00:12:54

Health: -1/32      AC:  4    Str:  7    XL:     4   Next: 7%
Magic:  11/11      EV:  2    Int: 15    God:
Gold:   122        SH:  0    Dex: 13    Spells: 7/13 levels left

rFire   . . .      SeeInvis .   f - +0 dagger
rCold   . . .      Faith    .   (no shield)
rNeg    . . .      Spirit   .   k - +0 leather armour
rPois   .          Reflect  .   (no helmet)
rElec   .          Harm     .   (no cloak)
rCorr   .          Rampage  .   l - +0 pair of gloves
Will    .....                   (no boots)
Stlth   ++........              (no amulet)
HPRegen 0.10/turn               (no ring)
MPRegen 0.12/turn               (no ring)

@: paralysed
A: fangs 1, strong nose, distributed training
a: no special abilities


You were on level 3 of the Dungeon.
You visited 1 branch of the dungeon, and saw 3 of its levels.

You collected 122 gold pieces.

Inventory:

Hand Weapons
 f - a +0 dagger (weapon)
 h - a +0 falchion
Missiles
 e - 5 boomerangs (quivered)
Armour
 k - a +0 leather armour (worn)
 l - a +0 pair of gloves (worn)
Scrolls
 b - 3 scrolls of identify {unknown}
 c - 2 scrolls of teleportation {unknown}
 d - a scroll of magic mapping {unknown}
 g - a scroll of noise {unknown}
 m - a scroll of enchant weapon {unknown}
Potions
 a - 2 potions of degeneration {unknown}
 i - 2 potions of heal wounds {unknown}
 j - a potion of lignification {unknown}
 n - a potion of curing {unknown}


   Skills:
 + Level 1.0 Fighting
 + Level 1.0 Short Blades
 + Level 1.0 Long Blades
 + Level 1.0 Axes
 + Level 1.0 Maces & Flails
 + Level 1.0 Polearms
 + Level 1.0 Staves
 + Level 1.0 Slings
 + Level 1.0 Bows
 + Level 1.0 Crossbows
 + Level 1.0 Throwing
 + Level 1.0 Armour
 + Level 4.6 Dodging
 + Level 4.2 Stealth
 + Level 1.0 Shields
 + Level 1.0 Unarmed Combat
 + Level 5.0 Spellcasting
 + Level 0.7 Conjurations
 + Level 0.7 Hexes
 + Level 7.1 Summonings
 + Level 0.7 Necromancy
 + Level 0.7 Translocations
 + Level 0.7 Transmutations
 + Level 0.7 Fire Magic
 + Level 0.7 Ice Magic
 + Level 0.7 Air Magic
 + Level 0.7 Earth Magic
 + Level 0.7 Poison Magic
 + Level 1.1 Invocations
 + Level 1.0 Evocations


You had 7 spell levels left.
You knew the following spells:

 Your Spells              Type           Power      Damage    Failure   Level
a - Summon Small Mammal   Summ           100%       N/A       1%          1
b - Call Imp              Summ           25%        N/A       1%          2
c - Call Canine Familiar  Summ           25%        N/A       3%          3

Your spell library contained the following spells:

 Spells                   Type           Power      Damage    Failure   Level
 Summon Guardian Golem    Hex/Summ       15%        N/A       14%         3
 Summon Lightning Spire   Summ/Air       15%        N/A       43%         4
 Dazzling Flash           Conj/Hex       12%        N/A       45%         3
 Agony                    Necr           6%         N/A       99%         5
 Silence                  Hex/Air        3%         N/A       99%         5
 Orb of Destruction       Conj           3%         9d1       100%        7
 Spellforged Servitor     Conj/Summ      7%         N/A       100%        7


Dungeon Overview and Level Annotations

Branches:
Dungeon (3/15)

Altars:

Annotations:
D:3 Grinder


Innate Abilities, Weirdness & Mutations

You have very sharp teeth.
Your uncanny sense of smell can sniff out nearby items.
Your experience applies equally to all skills.


Message History

Grinder is heavily wounded.
Your hound bites Grinder but does no damage.
Your hound barely misses Grinder.
Throw: 5 boomerangs
Press: ? - help, Q - select action, (/) - cycle Shift-Dir - straight line, f/p - Grinder
Aim: Grinder (heavily wounded, ally target, 52% to hit)
You throw a boomerang. The boomerang barely misses Grinder.
Your hound barely misses Grinder.
Grinder blinks!
Throw: 5 boomerangs
Press: ? - help, Q - select action, (/) - cycle Shift-Dir - straight line, f/p - Grinder
Aim: Grinder (heavily wounded, ally target, 52% to hit)
You throw a boomerang. The boomerang hits Grinder.
Grinder is heavily wounded.
Your hound misses Grinder.
Grinder says, "Don't move a muscle."
Throw: 5 boomerangs
Press: ? - help, Q - select action, (/) - cycle Shift-Dir - straight line, f/p - Grinder
Aim: Grinder (heavily wounded, ally target, 52% to hit)
You throw a boomerang.
The boomerang hits Grinder but does no damage.
Grinder is heavily wounded.
Your hound barely misses Grinder.
Grinder gestures at you. Pain shoots through your body!
You barely miss Grinder.
Grinder is heavily wounded.
Your hound closely misses Grinder.
Grinder gestures at you.
You suddenly lose the ability to move!
Your hound bites Grinder but does no damage.
Your hound bites Grinder.
Grinder hits you.
You writhe in agony.
Your hound bites Grinder.
Grinder gestures at you.
You barely resist.
Your hound barely misses Grinder.
Your hound bites Grinder.
Grinder hits you!
Your hound misses Grinder.
Grinder blinks!
Your white imp is no longer paralysed.
Grinder gestures at you. Pain shoots through your body!
You die...

#...............
#.........##....
##.......###....
#.........#
#.........#
#.........#
#########.........
#.$...............
#......@.5.......#
#.......ยง.......#.
#.................
#....5h....#####.#
#........$.# #
#..........#
#..........#
#..........#


You could see Grinder (ally target), a friendly hound (summoned) and a friendly
white imp (summoned).

Vanquished Creatures
  An endoplasm (D:2)
  A kobold (D:1)
  A quokka (D:2)
  A bat (D:3)
  A frilled lizard (D:2)
  2 rats
7 creatures vanquished.

Vanquished Creatures (collateral kills)
  An adder (D:2)
  2 worms (D:2)
  A dart slug (D:1)
  3 endoplasms
  3 giant cockroaches (D:2)
  3 goblins
  4 hobgoblins (D:1)
  2 quokkas
  3 ball pythons
  4 frilled lizards
  5 kobolds
  A rat (D:1)
32 creatures vanquished.

Vanquished Creatures (others)
  A hobgoblin (D:1)
1 creature vanquished.

Grand Total: 40 creatures vanquished

Notes
Turn   | Place    | Note
-------+----------+-------------------------------------------
     0 | D:1      | BR41ND34D the Gnoll Summoner began the quest for the Orb.
     0 | D:1      | Reached XP level 1. HP: 13/13 MP: 6/6
   231 | D:1      | Reached XP level 2. HP: 14/19 MP: 3/7
   305 | D:1      | Learned a level 2 spell: Call Imp
   880 | D:2      | Reached XP level 3. HP: 17/25 MP: 6/9
  1067 | D:2      | Reached skill level 5 in Spellcasting
  1253 | D:2      | Reached skill level 1 in Invocations
  1336 | D:2      | Learned a level 3 spell: Call Canine Familiar
  1602 | D:2      | Reached skill level 1 in Fighting
  1602 | D:2      | Reached skill level 1 in Short Blades
  1602 | D:2      | Reached skill level 1 in Long Blades
  1602 | D:2      | Reached skill level 1 in Axes
  1602 | D:2      | Reached skill level 1 in Maces & Flails
  1602 | D:2      | Reached skill level 1 in Polearms
  1602 | D:2      | Reached skill level 1 in Staves
  1602 | D:2      | Reached skill level 1 in Slings
  1602 | D:2      | Reached skill level 1 in Bows
  1602 | D:2      | Reached skill level 1 in Crossbows
  1602 | D:2      | Reached skill level 1 in Throwing
  1602 | D:2      | Reached skill level 1 in Armour
  1602 | D:2      | Reached skill level 1 in Shields
  1602 | D:2      | Reached skill level 1 in Unarmed Combat
  1602 | D:2      | Reached skill level 1 in Evocations
  1602 | D:2      | Reached XP level 4. HP: 32/32 MP: 8/11
  1899 | D:3      | Noticed Grinder
  1916 | D:3      | Paralysed by Grinder for 6 turns
  1921 | D:3      | Killed from afar by Grinder

Illustrated notes

Levels and vault maps discovered:
D:1:      ncdulo_smallfort, layout_basic
D:2:      layout_loops_ring, minmay_pentomino_w4
D:3:      layout_rooms, old_standard_altar,
          shapermc_ecumenical_altar_totnotflames, uniq_grinder

Skill      XL: |  1  2  3 |
---------------+----------+-----
Spellcasting   | 5 |  5.0
Invocations    | 1 |  1.1
Fighting       | 1 |  1.0
Short Blades   | 1 |  1.0
Long Blades    | 1 |  1.0
Axes           | 1 |  1.0
Maces & Flails | 1 |  1.0
Polearms       | 1 |  1.0
Staves         | 1 |  1.0
Slings         | 1 |  1.0
Bows           | 1 |  1.0
Crossbows      | 1 |  1.0
Throwing       | 1 |  1.0
Armour         | 1 |  1.0
Shields        | 1 |  1.0
Unarmed Combat | 1 |  1.0
Evocations     | 1 |  1.0
Dodging        | |  4.6
Stealth        | |  4.2
Conjurations   | |  0.7
Hexes          | |  0.7
Summonings     | |  7.1
Necromancy     | |  0.7
Translocations | |  0.7
Transmutations | |  0.7
Fire Magic     | |  0.7
Ice Magic      | |  0.7
Air Magic      | |  0.7
Earth Magic    | |  0.7
Poison Magic   | |  0.7

Action                   |  1- 3 |  4- 6 || total
-------------------------+-------+-------++-------
Melee: Unarmed           |    13 |       ||    13
       Dagger            |    22 |     3 ||    25
       Bite              |     3 |       ||     3
Throw: Boomerang         |    14 |    14 ||    28
 Cast: Summon Small Mamm |    17 |       ||    17
       Call Imp          |     7 |     1 ||     8
       Call Canine Famil |     2 |     2 ||     4
 Stab: Sleeping          |     5 |     1 ||     6
       Distracted        |     1 |       ||     1
Armor: Robe              |     8 |       ||     8
       Leather armour    |     2 |     1 ||     3
Dodge: Dodged            |    36 |     1 ||    37

Table legend: (Time is in decaauts)
 A = Elapsed time spent in this place.
 B = Non-inter-level travel time spent in this place.
 C = Inter-level travel time spent in this place.
 D = Time resting spent in this place.
 E = Time spent auto-exploring this place.
 F = Levels seen in this place.
 G = Mean time per level.
                   A        B        C        D        E       F      G
               +--------+--------+--------+--------+--------+-----+--------+
         Total |   1926 |   1849 |     77 |    101 |   1311 |   3 |  642.0 |
       Dungeon |   1926 |   1849 |     77 |    101 |   1311 |   3 |  642.0 |
               +--------+--------+--------+--------+--------+-----+--------+

Top non-repeatable levels by time:
     D:2: 944 daAuts
     D:1: 867 daAuts
     D:3: 113 daAuts
